 Dungeon Crawl Stone Soup version 0.19.1-1-g22dce08 (webtiles) character file.

104 sose the Conjurer (level 4, 0/24 HPs)
             Began as a Deep Elf Conjurer on Dec 29, 2016.
             Succumbed to an adder's poison
             ... on level 2 of the Dungeon.
             The game lasted 00:06:24 (1563 turns).

sose the Conjurer (Deep Elf Conjurer)               Turns: 1563, Time: 00:06:25

Health: 0/24       AC:  5    Str:  5    XL:     4   Next: 52%
Magic:  1/12       EV: 13    Int: 21    God:
Gold:   108        SH:  0    Dex: 15    Spells: 4 memorised, 1 level left

rFire  . . .     SeeInvis .     n - +1 dagger
rCold  . . .     Gourm    .     a - +0 robe
rNeg   . . .     Faith    .     (no shield)
rPois  .         Spirit   .     (no helmet)
rElec  .         Reflect  .     (no cloak)
rCorr  .         Harm     .     (no gloves)
MR     .....                    (no boots)
Stlth  ++........               (no amulet)
                                (no ring)
                                f - +3 ring of protection

@: lethally poisoned (0 -> -4)
A: no striking features
a: no special abilities


You were on level 2 of the Dungeon.
You were very hungry.

You visited 1 branch of the dungeon, and saw 3 of its levels.

You collected 108 gold pieces.

Inventory:

Hand Weapons
 n - a +1 dagger (weapon)
Armour
 a - a +0 robe (worn)
Jewellery
 f - a +3 ring of protection (left hand)
 k - an uncursed ring of fire
Scrolls
 i - a scroll of enchant weapon
 m - a scroll of remove curse {unknown}
 o - a scroll of fear {unknown}
 p - a scroll of blinking {unknown}
 q - a scroll of identify {unknown}
 r - a scroll of magic mapping {unknown}
Potions
 e - a potion of brilliance {unknown}
 g - a potion of heal wounds {unknown}
 h - a potion of flight {unknown}
 s - a potion of ambrosia {unknown}
Books
 b - a book of Conjurations

   Spells                             Type                      Level
   a - Magic Dart                     Conjuration                  1
   b - Searing Ray                    Conjuration                  2
   c - Dazzling Spray                 Conjuration/Hexes            3
   d - Fulminant Prism                Conjuration/Hexes            4
   e - Iskenderun's Mystic Blast      Conjuration                  4
   f - Iskenderun's Battlesphere      Conjuration/Charms           5
Comestibles
 c - 2 bread rations


   Skills:
 - Level 2.4 Dodging
 - Level 2.4 Stealth
 + Level 4.0 Spellcasting
 + Level 6.1 Conjurations
 + Level 0.6 Hexes


You had one spell level left.
You knew the following spells:

 Your Spells              Type           Power        Failure   Level  Hunger
a - Magic Dart            Conj           ####         1%          1    None
b - Searing Ray           Conj           ####..       1%          2    #......
c - Dazzling Spray        Conj/Hex       ###...       12%         3    ###....
d - Iskenderun's Mystic   Conj           ####....     12%         4    ####...


Dungeon Overview and Level Annotations

Branches:
Dungeon (3/15)

Altars:


Message History

The adder is almost dead.
You feel sick. The adder bites you. The goblin closely misses you.
The frilled lizard closely misses you. The ooze hits you but does no damage.
The adder barely misses you.
Without enough magic to sustain it, your searing ray dissipates.
The goblin hits you but does no damage. The frilled lizard misses you.
The adder barely misses you. The ooze misses you.
You miss the adder.
The adder is almost dead.
The goblin hits you with a dagger.
* * * LOW HITPOINT WARNING * * *
The adder bites you.
* * * LOW HITPOINT WARNING * * *
The frilled lizard bites you.
* * * LOW HITPOINT WARNING * * *
The ooze hits you but does no damage.
Unknown command.
You closely miss the adder.
The adder is almost dead.
You die...

###########.#.#######.#####.##...
.................................
###########.#..######.######....(
####.#...#.###(#..........
#...<#.#.#.....#..........
#<####........(#..##...... #.#
###......[........... # #.#
##lJ......####.<... # #.#
#@S......# #.####
########.########g......#P.#.#..#
........................#P.#.#..#
########.########.......#..#....#
########.# ######.......#..#...##
.......#.# #............#..#..(..
######.#.###..###.......# .#.....
..............)...>.....####...#.
########.###..####.......##.##.#(


You could see an ooze, an adder, a goblin and a frilled lizard.

Vanquished Creatures
  Jessica (D:2)
  4 adders
  A dart slug (D:1)
  2 leopard geckos
  A ball python (D:1)
  4 bats (D:1)
  3 giant cockroaches (D:2)
  4 goblins
  4 hobgoblins
  4 frilled lizards
  7 kobolds
  6 rats
41 creatures vanquished.

Notes
Turn   | Place    | Note
-------+----------+-------------------------------------------
     0 | D:1      | sose the Deep Elf Conjurer began the quest for the Orb.
     0 | D:1      | Reached XP level 1. HP: 10/10 MP: 6/6
   153 | D:1      | Reached XP level 2. HP: 15/15 MP: 5/8
   158 | D:1      | Learned a level 2 spell: Searing Ray
   176 | D:1      | Reached skill level 5 in Conjurations
   775 | D:2      | Reached XP level 3. HP: 19/19 MP: 3/9
   780 | D:2      | Learned a level 3 spell: Dazzling Spray
   851 | D:2      | Noticed Jessica
   900 | D:2      | Killed Jessica
   907 | D:2      | Reached XP level 4. HP: 10/24 MP: 3/11
  1177 | D:2      | Reached skill level 6 in Conjurations
  1190 | D:2      | Learned a level 4 spell: Iskenderun's Mystic Blast
  1494 | D:3      | Noticed a phantom
  1562 | D:2      | HP: 1/24 [frilled lizard (2)]
  1563 | D:2      | Succumbed to an adder's poison

Skill      XL: |  1  2  3  4 |
---------------+-------------+-----
Conjurations   | 5 6 |  6.1
Spellcasting   | 4 |  4.0
Dodging        | |  2.4
Stealth        | |  2.4
Hexes          | |  0.6

Action                   |  1- 3 |  4- 6 || total
-------------------------+-------+-------++-------
Melee: Dagger            |       |     2 ||     2
 Cast: Magic Dart        |    37 |    15 ||    52
       Searing Ray       |     3 |     2 ||     5
       Dazzling Spray    |       |     4 ||     4
  Use: Scroll            |       |     3 ||     3
       Potion            |       |     2 ||     2
  Eat: Chunk             |       |     1 ||     1
Armor: Robe              |     4 |    27 ||    31
Dodge: Dodged            |     7 |    34 ||    41
